 Dungeon Crawl Stone Soup version 0.31.0-12-g77e489cdc1 (webtiles) character file.

Game seed: 13776224464758710464

1035 Lilfire the Trooper (level 8, -9/69 (70) HPs)
             Began as a Minotaur Cinder Acolyte on Feb 15, 2024.
             Was an Initiate of Ignis.
             Killed by an exploding wight (11 damage)
             ... ignited by their inner flame
             ... on level 6 of the Dungeon on Feb 16, 2024.
             The game lasted 00:42:14 (5190 turns).

Lilfire the Trooper (Minotaur Cinder Acolyte)       Turns: 5190, Time: 00:42:17

HP:   -9/69 (70)    AC: 15    Str: 22      XL:     8   Next: 3%
MP:   8/8           EV:  8    Int: 11      God:    Ignis [......]
Gold: 293           SH:  0    Dex:  4 (5)  Spells: 7/9 levels left

rFire   + + .        p - +0 flail (drain)
rCold   x . .        (no shield)
rNeg    . . .        y - +1 chain mail
rPois   .            (helmet restricted)
rElec   .            v - +2 cloak
rCorr   .            (no gloves)
SInv    .            x - +0 pair of boots
Will    .....        k - amulet of faith Stlth
                     i - ring of fire {borro}
HPRegen 0.31/turn    (no ring)
MPRegen 0.11/turn

%: faith
@: lethally poisoned (-9 -> -12), lightly drained
A: horns 2, retaliatory headbutt
a: Renounce Religion, Rising Flame


You were on level 6 of the Dungeon.
You worshipped Ignis.
Ignis was noncommittal.
You visited 2 branches of the dungeon, and saw 8 of its levels.

You collected 293 gold pieces.

Inventory:

Hand Weapons
 a - a +0 falchion of flaming
 e - a +0 whip
 f - a +0 hand axe
 h - a +0 spear
 j - a +0 whip
 m - a +0 mace
 o - a +0 battleaxe
 p - a +0 flail of draining (weapon)
 t - a +0 flail
 u - a +2 dagger of venom
 C - a +0 giant spiked club
 D - a +0 long sword
Missiles
 g - 10 poisoned darts
 l - 22 stones
 A - 2 boomerangs
Armour
 b - a +0 robe
 c - a +0 robe
 d - a +0 robe
 r - a +0 ring mail
 v - a +2 cloak (worn)
 w - a scarf of shadows
 x - a +0 pair of boots (worn)
 y - a +1 chain mail (worn)
Jewellery
 i - a ring of fire (left hand) {borro}
 k - an amulet of faith (around neck)
 s - a ring of protection from cold
Talismans
 z - a maw talisman
Scrolls
 B - a scroll of identify
Potions
 n - a potion of magic


   Skills:
 + Level 6.3 Fighting
 + Level 6.2 Long Blades
 + Level 2.7 Maces & Flails
 + Level 1.5 Throwing
 + Level 4.8 Armour
 + Level 3.9 Dodging
 + Level 1.4 Stealth
 + Level 1.0 Spellcasting
 + Level 2.5 Fire Magic


You had 7 spell levels left.
You knew the following spells:

 Your Spells              Type           Power      Damage    Failure   Level
a - Scorch                Fire           18%        2d5       71%         2

Your spell library contained the following spells:

 Spells                   Type           Power      Damage    Failure   Level
 Apportation              Tloc           0%         N/A       89%         1
 Jinxbite                 Hex            0%         N/A       96%         2
 Hailstorm                Conj/Ice       0%         3d5       99%         3
 Summon Ice Beast         Ice/Summ       0%         N/A       99%         3
 Passage of Golubria      Tloc           0%         N/A       100%        4
 Alistair's Intoxication  Alch           0%         N/A       100%        5
 Silence                  Hex/Air        0%         N/A       100%        5
 Sculpt Simulacrum        Ice/Alch       0%         N/A       100%        6
 Lehudib's Crystal Spear  Conj/Erth      0%         10d2      100%        8


Dungeon Overview and Level Annotations

Branches:
Dungeon (7/15)             Temple (1/1) D:4

Altars:
Ashenzari
Cheibriados
Dithmenos
Hepliaklqana
Kikubaaqudgha
Makhleb
Nemelex Xobeh
Okawaru
Qazlal
Ru
Sif Muna
Trog
Uskayaw
Wu Jian
Xom
Yredelemnul
Zin


Innate Abilities, Weirdness & Mutations

You have a pair of horns on your head.
You reflexively headbutt those who attack you in melee.


Message History

The wight closely misses you. You furiously retaliate!
You headbutt the wight, but do no damage.
The bullfrog barely misses you. You furiously retaliate!
You headbutt the bullfrog.
You climb upwards.
There is a stone staircase leading down, spattered with blood here.
As you read the scroll of immolation, it crumbles to dust.
The creatures around you are filled with an inner flame!
The killer bee barely misses you. The wight hits you with a +0 falchion.
You feel drained. The wight barely misses you. You furiously retaliate!
You headbutt the wight!
Flame seeps out of the wight.
The wight hits you but does no damage. The bullfrog closely misses you.
The killer bee stings you.
You are poisoned.
The killer bee poisons you!
You thump the bullfrog!
The bullfrog explodes!
The fiery explosion engulfs you! You resist.
* * * LOW HITPOINT WARNING * * *
The fiery explosion engulfs the wight!!!
The fiery explosion engulfs the killer bee!!
The fiery explosion engulfs the wight!!
The wight explodes!
The fiery explosion engulfs you. You resist.
* * * LOW HITPOINT WARNING * * *
The killer bee explodes!
The fiery explosion engulfs the wight!
Flame seeps out of the wight.
The wight is severely damaged.
The fiery explosion engulfs you. You resist.
* * * LOW HITPOINT WARNING * * *
The wight explodes!
The fiery explosion engulfs you. You resist.
* * * LOW HITPOINT WARNING * * *
You are engulfed in blazing flames.
You resist.
* * * LOW HITPOINT WARNING * * *
x2 You feel sick.
The wight is engulfed in blazing flames.
The wight explodes!
The fiery explosion engulfs you! You resist.
You die...

....###### #....#.....#########.
.........# #....'...............
.......<.# #....#...............
.........# #[...#...............
.........####....##..#######..###
######.......#'####..####.##..#..
.... #.......#.§§§#..#........#..
.... +.......#§§§§#..#........#..
.... #.......'§§@§#..'........'..
.... #.......#§○§§#..#....##..#..
#### #.....<.###+###+########+#))
## ....####..... #.. .#.....#
#...... #.. .#.....+ #...>...
#####.. .#.....# #....... #......
.#.....# #....... #......
.#.....# #......


There were no monsters in sight!

Vanquished Creatures
  A troll (D:6)
  Edmund (D:5)
  An orc warrior (D:6)
  A black bear (D:5)
  An ogre (D:6)
  2 bullfrogs (D:6)
  2 scorpions
  3 wights (D:6)
  A killer bee (D:6)
  A howler monkey (D:6)
  2 iguanas (D:5)
  A sleepcap (D:5)
  2 orc wizards
  5 adders
  A dart slug (D:5)
  13 orcs
  4 bats (D:1)
  4 endoplasms
  2 giant cockroaches
  4 goblins
  5 hobgoblins
  2 quokkas
  6 ball pythons
  5 frilled lizards
  2 kobolds (D:2)
  5 rats
  A butterfly (D:5)
78 creatures vanquished.

Vanquished Creatures (others)
  64 foxfires
64 creatures vanquished.

Grand Total: 142 creatures vanquished

Notes
Turn   | Place    | Note
-------+----------+-------------------------------------------
     0 | D:1      | Lilfire the Minotaur Cinder Acolyte began the quest for the
                  | Orb.
     0 | D:1      | Reached XP level 1. HP: 19/19 MP: 1/1
   304 | D:1      | Reached XP level 2. HP: 27/27 MP: 2/2
   309 | D:1      | Learned a level 2 spell: Scorch
   332 | D:1      | Found a faded altar of an unknown god.
  1013 | D:2      | Reached XP level 3. HP: 28/33 MP: 3/3
  1106 | D:2      | Reached skill level 1 in Throwing
  1796 | D:4      | Reached skill level 1 in Dodging
  1962 | D:4      | Noticed a scorpion
  1972 | D:4      | Killed a scorpion
  1973 | D:4      | Reached XP level 4. HP: 38/41 MP: 4/4
  1979 | D:4      | Found a staircase to the Ecumenical Temple.
  1985 | Temple   | Entered the Ecumenical Temple
  2452 | D:5      | Entered Level 5 of the Dungeon
  2458 | D:5      | Noticed a black bear
  2469 | D:5      | Killed a black bear
  2470 | D:5      | Reached skill level 5 in Fighting
  2470 | D:5      | Reached XP level 5. HP: 16/48 MP: 5/5
  2495 | D:5      | Reached skill level 5 in Long Blades
  2814 | D:5      | Noticed Edmund
  2830 | D:5      | Killed Edmund
  2831 | D:5      | Reached skill level 1 in Armour
  2831 | D:5      | Reached skill level 1 in Stealth
  2831 | D:5      | Reached XP level 6. HP: 43/56 MP: 6/6
  2855 | D:5      | Found a shimmering altar of Xom.
  2940 | D:5      | Learned a level 2 spell: Scorch
  3308 | D:6      | Noticed an orc warrior
  3317 | D:6      | Killed an orc warrior
  3318 | D:6      | Reached XP level 7. HP: 10/62 MP: 7/7
  3682 | D:6      | Noticed a troll
  3688 | D:6      | Reached skill level 1 in Maces & Flails
  3689 | D:6      | Killed a troll
  4380 | D:6      | Found an ancient bone altar of Kikubaaqudgha.
  5173 | D:6      | Reached XP level 8. HP: 64/70 MP: 8/8
  5190 | D:6      | HP: 3/69 [cloud of flame (1)]
  5190 | D:6      | Killed by an exploding wight... ignited by their inner
                  | flame

Illustrated notes

Levels and vault maps discovered:
D:1:      minmay_arrival_arboretum_large, layout_basic,
          shapermc_ecumenical_altar_totnotflames
D:2:      minmay_spotlight, layout_loops_corners, serial_bayou_lake_a
D:3:      layout_loops_ring, mainiacjoe_overflow_tiny_flanked, uniq_ijyb,
          uniq_robin
D:4:      layout_loops_ring, minmay_temple_entry_enclosed_plants
D:5:      layout_cave_pools, xom_butterflies, uniq_edmund, uniq_duvessa
D:6:      layout_gridville, lemuel_doored_altar, minmay_starry_boxes
D:7:      hangedman_cross_stitches, layout_rooms, vehumet_altar_wand_db,
          jmf_multi_god_temple, serial_bayou_lagoon_a, hangedman_decor_lopped,
          uniq_maurice, uniq_menkaure
Temple:   eino_wide_crystal_templ

Skill      XL: |  1  2  3  4  5  6  7 |
---------------+----------------------+-----
Fighting       | 4 5 6 |  6.3
Long Blades    | 4 5 6 |  6.2
Throwing       | 1 |  1.5
Dodging        | 1 2 3 |  3.9
Armour         | 1 2 4 |  4.8
Stealth        | 1 |  1.4
Maces & Flails | 2 |  2.7
Spellcasting   | |  1.0
Fire Magic     | |  2.5

Action                     |  1- 3 |  4- 6 |  7- 9 || total
---------------------------+-------+-------+-------++-------
  Melee: Falchion          |    77 |    21 |       ||    98
         Headbutt          |     8 |     6 |     6 ||    20
         Flail             |       |    16 |    33 ||    49
  Throw: Stone             |     9 |       |       ||     9
 Invoke: Foxfire Swarm     |     2 |     3 |       ||     5
         Fiery Armour      |     1 |     3 |     1 ||     5
    Use: Potion            |     4 |     4 |     2 ||    10
         Scroll            |     4 |     4 |     5 ||    13
 Armour: Robe              |    65 |       |       ||    65
         Ring mail         |       |    53 |    22 ||    75
         Chain mail        |       |       |    41 ||    41
  Dodge: Dodged            |    64 |    32 |    28 ||   124
